 Dungeon Crawl Stone Soup version 0.23.0 (webtiles) character file.

Game seed: 13949472628024017039

879 Debik the Digger (level 8, -1/41 HPs)
             Began as a Gargoyle Earth Elementalist on Feb 9, 2019.
             Slain by an ogre
             ... wielding a +0 giant spiked club
              (29 damage)
             ... on level 5 of the Dungeon.
             The game lasted 00:12:12 (4382 turns).

Debik the Digger (Gargoyle Earth Elementalist)      Turns: 4382, Time: 00:12:12

Health: -1/41      AC:  9    Str: 13    XL:     8   Next: 5%
Magic:  5/16       EV: 12    Int: 17    God:
Gold:   95         SH:  0    Dex: 10    Spells: 9/18 levels left

rFire    + + .     SeeInvis .   B - +1 morningstar of the Gnat {crush, rF++}
rCold    + . .     Gourm    .   (no shield)
rNeg     + . .     Faith    .   n - +2 robe {MR+}
rPois    ∞         Spirit   .   (no helmet)
rElec    +         Reflect  .   (no cloak)
rCorr    .         Harm     .   (no gloves)
MR       +....     Rnd*Tele +   (no boots)
Stlth    ++........             (no amulet)
HPRegen  0.13/turn              i - ring of protection from cold
MPRegen  0.15/turn              p - ring of teleportation (curse)

@: no status effects
A: negative energy resistance 1, electricity resistance, unbreathing,
petrification resistance, rot immunity, AC +5
a: no special abilities


You were on level 5 of the Dungeon.
You were hungry.

You visited 1 branch of the dungeon, and saw 5 of its levels.

You collected 347 gold pieces.
You spent 252 gold pieces at shops.

Inventory:

Hand Weapons
 B - the +1 morningstar of the Gnat (weapon) {crush, rF++}
   (You bought it in a shop on level 4 of the Dungeon)

   It inflicts extra damage upon your enemies.
   It greatly protects you from fire.
Missiles
 b - 50 stones (quivered)
 c - a throwing net
Armour
 n - a +2 robe of magic resistance (worn)
 o - a +0 buckler
Jewellery
 i - a ring of protection from cold (left hand)
 p - a cursed ring of teleportation (right hand)
 t - a +1 ring of evasion
 y - an uncursed ring of flight
Wands
 l - a wand of scattershot (6)
 m - a wand of flame (15)
 u - a wand of iceblast (10)
 z - a wand of enslavement (9)
Scrolls
 h - 2 scrolls of teleportation
 s - a scroll of magic mapping
 w - a scroll of silence {unknown}
Potions
 a - a potion of degeneration {unknown}
 e - 2 potions of might {unknown}
 f - 3 potions of berserk rage
 g - a potion of brilliance {unknown}
 j - 2 potions of cancellation
 k - a potion of haste {unknown}
 q - 2 potions of lignification {unknown}
 r - a potion of agility {unknown}
 v - a potion of heal wounds {unknown}
 A - a potion of flight {unknown}
Comestibles
 d - 7 rations


   Skills:
 + Level 0.2 Fighting
   Level 0.1 Short Blades
 + Level 0.2 Maces & Flails
 + Level 2.1 Dodging
 + Level 3.8 Stealth
 + Level 5.8 Spellcasting
 + Level 1.1 Conjurations
   Level 0.7 Transmutations
 + Level 7.3 Earth Magic


You had 9 spell levels left.
You knew the following spells:

 Your Spells              Type           Power        Failure   Level  Hunger
a - Sandblast             Erth           ####..       1%          1    None
d - Lee's Rapid Deconstr  Erth           ####......   17%         5    ######.
e - Stone Arrow           Conj/Erth      ###...       7%          3    ##.....

Your spell library contained the following spells:

 Spells                   Type           Power        Failure   Level  Hunger
 Passwall                 Tmut/Erth      ###.....     3%          2    #......
 Petrify                  Tmut/Erth      ###.....     24%         4    ####...


Dungeon Overview and Level Annotations

Branches:
Dungeon (5/15)
 Temple: D:4-7

Altars:
Fedhas
Qazlal
Sif Muna
Uskayaw

Shops:
D:4 *


Innate Abilities, Weirdness & Mutations

You are resistant to torment.
Your stone body is resilient. (AC +5)
You are immune to poison.
You resist negative energy. (rN+)
You are resistant to electric shocks. (rElec)
You can survive without breathing.
You are immune to petrification.
You are immune to rotting.


Message History

Found a deep blue altar of Sif Muna and a hide-covered altar of Uskayaw.
Casting: Sandblast (safe; 1% risk of failure)
Confirm with . or Enter, or press ? or * to list all spells.
Aiming: Sandblast (safe; 1% risk of failure)
Press: ? - help, Shift-Dir - straight line, f - ogre
Aim: an ogre, wielding a +0 giant spiked club (resting)
The blast of sand hits the ogre!
The ogre is moderately wounded.
b - 51 stones
Casting: Sandblast (safe; 1% risk of failure)
Confirm with . or Enter, or press ? or * to list all spells.
Aiming: Sandblast (safe; 1% risk of failure)
Press: ? - help, Shift-Dir - straight line, f/p - ogre
Aim: an ogre, wielding a +0 giant spiked club (moderately wounded)
The blast of sand hits the ogre!
The ogre is severely wounded.
b - 50 stones The ogre hits you with a +0 giant spiked club!!
Ouch! That really hurt!
You die...

### ##$#######
#######.@O.....#
###.#.....#......#
........##.._...#
##...##.# ..8...#
#..).#.# .._...#
#..).#.##......#
#.).....####...#
##......# ####
####..)#


You could see an ogre.

Vanquished Creatures
  Sigmund (D:2)
  A sky beast (D:5)
  An ogre (D:4)
  A phantom (D:4)
  A howler monkey (D:5)
  3 orc priests
  Ijyb (D:3)
  An iguana (D:4)
  2 orc wizards
  A worker ant (D:5)
  A hound skeleton (D:4)
  4 gnolls (D:2)
  6 adders
  A shadow imp (D:5)
  An ooze (D:3)
  2 worms
  5 leopard geckos
  9 orcs
  10 bats
  4 giant cockroaches
  4 goblins
  4 hobgoblins
  3 ball pythons
  5 frilled lizards
  9 kobolds
  A leopard gecko skeleton (D:4)
  A leopard gecko zombie (D:5)
  7 rats
90 creatures vanquished.

Notes
Turn   | Place    | Note
-------+----------+-------------------------------------------
     0 | D:1      | Debik the Gargoyle Earth Elementalist began the quest for
                  | the Orb.
     0 | D:1      | Reached XP level 1. HP: 10/10 MP: 3/3
   149 | D:1      | Reached skill level 4 in Earth Magic
   149 | D:1      | Reached XP level 2. HP: 15/15 MP: 0/5
   777 | D:2      | Reached XP level 3. HP: 19/19 MP: 4/6
   782 | D:2      | Learned a level 3 spell: Stone Arrow
   961 | D:2      | Noticed Sigmund
  1199 | D:2      | Reached XP level 4. HP: 24/24 MP: 5/8
  1306 | D:2      | Reached skill level 5 in Earth Magic
  1433 | D:2      | Found a stormy altar of Qazlal.
  1891 | D:2      | Killed Sigmund
  1891 | D:2      | Reached XP level 5. HP: 13/28 MP: 3/11
  1891 | D:2      | Reached XP level 6. HP: 15/32 MP: 3/12
  2022 | D:3      | Reached skill level 6 in Earth Magic
  2156 | D:3      | Learned a level 5 spell: Lee's Rapid Deconstruction
  2712 | D:3      | Noticed Ijyb
  2720 | D:3      | Killed Ijyb
  2912 | D:4      | Reached XP level 7. HP: 36/36 MP: 10/14
  3009 | D:4      | Reached skill level 5 in Spellcasting
  3166 | D:4      | Found Antaq's Assorted Antiques.
  3231 | D:4      | Bought a slimy morningstar for 252 gold pieces
  3231 | D:4      | Identified the +1 morningstar of the Gnat {crush, rF++}
                  | (You bought it in a shop on level 4 of the Dungeon)
  3825 | D:4      | Found a blossoming altar of Fedhas.
  4196 | D:5      | Entered Level 5 of the Dungeon
  4225 | D:5      | Reached skill level 7 in Earth Magic
  4240 | D:5      | Reached skill level 1 in Conjurations
  4359 | D:5      | Reached XP level 8. HP: 34/41 MP: 11/16
  4380 | D:5      | Found a deep blue altar of Sif Muna.
  4380 | D:5      | Found a hide-covered altar of Uskayaw.
  4382 | D:5      | Slain by an ogre

Skill      XL: |  1  2  3  4  5  6  7 |
---------------+----------------------+-----
Earth Magic    | 4 5 6 7 |  7.3
Spellcasting   | 3 4 5 |  5.8
Stealth        | 3 |  3.8
Dodging        | 2 |  2.1
Conjurations   | 1 |  1.1
Fighting       | |  0.2
Short Blades   | |  0.1
Maces & Flails | |  0.2
Transmutations | |  0.7

Action                   |  1- 3 |  4- 6 |  7- 9 || total
-------------------------+-------+-------+-------++-------
Melee: Unarmed           |     3 |       |       ||     3
       Short sword       |    23 |    11 |       ||    34
       Hand axe          |       |     5 |       ||     5
       Morningstar       |       |       |    16 ||    16
Throw: Throwing net      |       |     1 |       ||     1
 Cast: Sandblast         |    32 |    58 |    36 ||   126
       Stone Arrow       |     2 |     8 |     6 ||    16
       Lee's Rapid Decon |       |     1 |       ||     1
  Use: Scroll            |       |       |     5 ||     5
 Stab: Sleeping          |     2 |       |     1 ||     3
  Eat: Chunk             |       |     5 |       ||     5
       Ration            |       |     1 |     1 ||     2
Armor: Robe              |    17 |    11 |    18 ||    46
Dodge: Dodged            |    17 |    19 |    32 ||    68
